 Dungeon Crawl Stone Soup version 0.31-a0-188-g5e087ee2ca (webtiles) character file.

Game seed: 380231073331095474

164 qw the Skirmisher (level 5, -16/29 HPs)
             Began as a Deep Elf Hunter on June 23, 2023.
             Demolished by Pikel
             ... wielding a +2 whip of flaming
              (19 damage)
             ... on level 4 of the Dungeon.
             The game lasted 00:00:51 (2784 turns).

qw the Skirmisher (Deep Elf Hunter)                 Turns: 2784, Time: 00:00:51

Health: -16/29     AC:  6    Str: 10    XL:     5   Next: 21%
Magic:  16/16      EV: 12    Int: 14    God:
Gold:   79         SH:  5    Dex: 24    Spells: 4/4 levels left

rFire   . . .        Y - +0 arbalest
rCold   . . .        (shield currently unavailable)
rNeg    . . .        l - +0 ring mail
rPois   .            (no helmet)
rElec   .            b - +0 cloak
rCorr   .            (no gloves)
SInv    .            (no boots)
Will    ++...        m - amulet of reflection
Stlth   ++           c - ring of Hisig {Will++ MP+9 Dex+6}
HPRegen 0.24/turn    (no ring)
MPRegen 0.15/turn

%: reflection
@: about to teleport
A: no striking features
a: no special abilities


You were on level 4 of the Dungeon.
You visited 1 branch of the dungeon, and saw 4 of its levels.

You collected 118 gold pieces.
You spent 39 gold pieces at shops.


   Skills:
 - Level 1.5 Fighting
 + Level 8.4 Ranged Weapons
 - Level 3.1 Dodging
 - Level 1.2 Stealth


You had 4 spell levels left.
You didn't know any spells.
Your spell library was empty.

Inventory:

Hand Weapons
 Y - a +0 arbalest (weapon)
Armour
 b - a +0 cloak (worn)
 l - a +0 ring mail (worn)
Jewellery
 c - the ring of Hisig (left hand) {Will++ MP+9 Dex+6}
   (You acquired it on level 2 of the Dungeon)

   [ring of dexterity]

   Dex:       It affects your dexterity (+6).
   MP:        It affects your magic capacity (+9).
   Will:      It greatly increases your willpower.
 k - a ring of fire
 m - an amulet of reflection (around neck)
Scrolls
 f - a scroll of identify
Potions
 a - a potion of mutation
 d - a potion of might
 e - a potion of ambrosia {unknown}
 g - a potion of enlightenment {unknown}
 h - a potion of attraction {unknown}
 i - a potion of haste {unknown}

Dungeon Overview and Level Annotations

Branches:
Dungeon (4/15)
 Temple: D:4-7

Altars:
Dithmenos
Wu Jian

Shops:
D:2 *

Annotations:
D:4 Pikel


Message History

You shoot a bolt. The bolt hits the lemure!!
The lemure is almost dead.
You hear a shout!
A lemure comes into view.
You shoot a bolt. The lemure shouts!
The bolt hits the lemure!!
You kill the lemure!
That felt strangely unrewarding.
An adder comes into view.
A lemure comes into view.
You shoot a bolt. The adder hisses angrily.
The bolt hits Pikel.
Pikel is lightly wounded.
You shoot a bolt. The bolt hits Pikel!
Pikel is moderately wounded.
Pikel drinks a potion.
Pikel goes berserk!
You shoot a bolt. The bolt hits Pikel!
Pikel is severely wounded.
You block Pikel's attack. The lemure hits you. You block Pikel's attack.
You shoot a bolt. The bolt barely misses Pikel.
The bolt closely misses the lemure.
Pikel hits you with a +2 whip of flaming!
Pikel burns you. The adder bites you. The lemure hits you.
You block Pikel's attack. The adder closely misses you.
The lemure hits you but does no damage. Pikel closely misses you.
You shoot a bolt. The bolt hits Pikel!
Pikel is almost dead.
The adder bites you.
Pikel hits you with a +2 whip of flaming!
Pikel burns you. Pikel misses you. The lemure closely misses you.
2783 ||| READING scroll of teleportation.
As you read the scroll of teleportation, it crumbles to dust.
You feel strangely unstable. Pikel barely misses you. The lemure hits you.
The lemure closely misses you. Pikel barely misses you.
The adder bites you but does no damage.
You shoot a bolt. The bolt barely misses Pikel.
Pikel hits you with a +2 whip of flaming!!
Ouch! That really hurt!
You die...

# #.....#
#~77~~~~~P~~ #.
#....###7~~~P~~~~~~
#.#....##~7~~~~~~~~~~
#$#....##7~P7~~~~~~P~
#.....~~~~~~~~~~~~
##..#.~P~~~~~~~~~~
##..##777~~~~~~~~~
##...# ~~~~~~~~~~
#.@5.# P~~~~~~~
#.....5KS.# ~~~~~~
##.....?..# P~~~~
#####....# ~~~~
##...# #...# #...#
....#


You could see Pikel (berserk), 2 lemures and an adder.

Vanquished Creatures
  2 lemures (D:4)
  Jessica (D:3)
  Ijyb (D:3)
  Terence (D:3)
  A worm (D:3)
  A dart slug (D:4)
  An orc (D:3)
  5 bats
  7 endoplasms
  3 giant cockroaches
  5 goblins
  9 hobgoblins
  9 jackals
  5 quokkas
  6 ball pythons
  5 frilled lizards
  8 kobolds
  5 rats
75 creatures vanquished.

Notes
Turn   | Place    | Note
-------+----------+-------------------------------------------
     0 | D:1      | qw the Deep Elf Hunter began the quest for the Orb.
     0 | D:1      | Reached XP level 1. HP: 12/12 MP: 3/3
     0 | D:1      | 0 ||| qw: Version: 0.3-a-9-g12657ce
     0 | D:1      | 0 ||| qw: Game counter: 4234
     0 | D:1      | 0 ||| qw: Always use a shield: true
     0 | D:1      | 0 ||| qw: God list: Okawaru
     0 | D:1      | 0 ||| qw: Allow faded altars: false
     0 | D:1      | 0 ||| qw: Do Orc after D:15 true
     0 | D:1      | 0 ||| qw: Do second Lair branch before Depths: true
     0 | D:1      | 0 ||| qw: Lair rune preference: random
     0 | D:1      | 0 ||| qw: Plans: Normal
     0 | D:1      | 0 ||| PLANNING D:1-11
    43 | D:1      | 43 ||| SWAPPING to +0 arbalest.
    46 | D:1      | 46 ||| DROPPING +0 shortbow.
   125 | D:1      | Reached skill level 6 in Ranged Weapons
   125 | D:1      | Reached XP level 2. HP: 16/16 MP: 4/4
   380 | D:1      | Reached XP level 3. HP: 20/20 MP: 5/5
   818 | D:1      | 818 ||| DROPPING +6 ring of intelligence.
   819 | D:1      | 819 ||| READING scroll labelled NUOFOAMERU.
   822 | D:1      | 822 ||| READING scroll labelled QUMNIREMUI.
   823 | D:1      | 823 ||| READING scroll labelled YLI JEFFAOVI.
   824 | D:1      | 824 ||| READING scroll labelled CENWAI OWAO.
   925 | D:1      | 925 ||| DROPPING scroll of butterflies.
  1040 | D:2      | Found Tirph's Assorted Antiques.
  1049 | D:2      | 1049 ||| BUYING glowing cyan potion (18 gold).
  1049 | D:2      | Bought a glowing cyan potion for 18 gold pieces
  1049 | D:2      | 1049 ||| SHOPLISTING runed leather armour (105 gold, have
                  | 43).
  1049 | D:2      | 1049 ||| SHOPLISTING scale mail (84 gold, have 43).
  1049 | D:2      | 1049 ||| BUYING scroll labelled QOVUIL ROQA (21 gold).
  1049 | D:2      | Bought a scroll labelled QOVUIL ROQA for 21 gold pieces
  1049 | D:2      | 1049 ||| SHOPLISTING twisted iron wand (84 gold, have 22).
  1085 | D:2      | 1085 ||| FLEEEEING.
  1194 | D:2      | Reached skill level 7 in Ranged Weapons
  1337 | D:2      | Found a shadowy altar of Dithmenos.
  1911 | D:2      | 1911 ||| UPGRADING to +0 cloak.
  1916 | D:2      | 1916 ||| UPGRADING to +0 ring mail.
  1926 | D:2      | 1926 ||| DROPPING +0 leather armour.
  1927 | D:2      | 1927 ||| READING scroll labelled QOVUIL ROQA.
  1928 | D:2      | 1928 ||| READING scroll labelled CEIDUI WODETS.
  1929 | D:2      | 1929 ||| READING scroll labelled OTI RIREPELU.
  1929 | D:2      | Identified a scroll of acquirement
  1929 | D:2      | 1929 ||| ACQUIRING ring of Hisig {Will++ MP+9 Dex+6}
  1929 | D:2      | Acquired the ring of Hisig {Will++ MP+9 Dex+6}
  1931 | D:2      | 1931 ||| UPGRADING to ring of Hisig {Will++ MP+9 Dex+6}.
  1996 | D:2      | 1996 ||| READING 2 scrolls of identify.
  1996 | D:2      | 1996 ||| IDENTIFYING bubbling ruby potion
  2193 | D:3      | Noticed Jessica
  2195 | D:3      | Killed Jessica
  2196 | D:3      | Reached XP level 4. HP: 25/25 MP: 6/6
  2247 | D:3      | Noticed Terence
  2250 | D:3      | Killed Terence
  2251 | D:3      | Reached skill level 8 in Ranged Weapons
  2276 | D:3      | Noticed Ijyb
  2278 | D:3      | Killed Ijyb
  2279 | D:3      | Reached skill level 3 in Dodging
  2279 | D:3      | Reached XP level 5. HP: 29/29 MP: 7/7
  2296 | D:3      | Found an ornate altar of the Wu Jian Council.
  2613 | D:3      | 2613 ||| UPGRADING to amulet of reflection.
  2618 | D:3      | 2618 ||| READING scroll labelled KORUBRUARGH.
  2619 | D:3      | 2619 ||| READING 2 scrolls of identify.
  2619 | D:3      | 2619 ||| IDENTIFYING ruby potion
  2772 | D:4      | Noticed a lemure
  2774 | D:4      | Killed a lemure
  2775 | D:4      | Noticed a lemure
  2775 | D:4      | Noticed Pikel
  2776 | D:4      | Noticed a lemure
  2777 | D:4      | Killed a lemure
  2777 | D:4      | Noticed a lemure
  2782 | D:4      | HP: 5/29 [Pikel/+2 whip of flaming (7)]
  2783 | D:4      | 2783 ||| READING scroll of teleportation.
  2783 | D:4      | HP: 2/29 [lemure[Pikel] (2)]
  2784 | D:4      | Demolished by Pikel

Levels and vault maps discovered:
D:1:      dpeg_arrival_brainrot, layout_loops_ring,
          chequers_serial_rivers_micro_d
D:2:      layout_basic, basic_altar, serial_shops, shop
D:3:      layout_loops_ring, mainiacjoe_overflow_brackets, uniq_jessica,
          uniq_ijyb, uniq_terence
D:4:      layout_loops_corners, serial_bayou, serial_bayou_pond_b,
          serial_bayou_lake_a, serial_bayou_shore_a, serial_bayou_pond_a,
          serial_shops, shop, gammafunk_ghost_abyssal_escape, uniq_pikel

Skill      XL: |  1  2  3  4 |
---------------+-------------+-----
Ranged Weapons | 6 7 8 |  8.4
Dodging        | 3 |  3.1
Fighting       | |  1.5
Stealth        | |  1.2

Action                     |  1- 3 |  4- 6 || total
---------------------------+-------+-------++-------
   Fire: Arbalest          |   114 |    37 ||   151
         Shortbow          |     2 |       ||     2
    Use: Scroll            |     8 |     3 ||    11
 Armour: Leather armour    |    17 |       ||    17
         Ring mail         |       |     3 ||     3
  Dodge: Dodged            |    33 |     9 ||    42
  Block: Other             |       |     3 ||     3

Table legend:
 A = Non-vault XP
 B = Vault XP
 C = Vault XP percentage of total XP
 D = Non-vault monster count
 E = Vault monster count
 F = Vault count percentage of total count
                 A         B        C        D         E       F
            +---------+---------+-------+---------+---------+-------
      Total |     124 |     111 |  47.2 |      69 |       4 |   5.5
            +---------+---------+-------+---------+---------+-------
        D:1 |      49 |       2 |   3.9 |      29 |       1 |   3.3
        D:2 |      34 |       0 |   0.0 |      19 |       0 |   0.0
        D:3 |      29 |     109 |  79.0 |      16 |       3 |  15.8
        D:4 |      12 |       0 |   0.0 |       5 |       0 |   0.0
            +---------+---------+-------+---------+---------+-------
